 Dungeon Crawl Stone Soup version 0.30-a0-743-gbfdf073431 (webtiles) character file.

Game seed: 4629669475284134367

526243 ragingrage the End of an Era (level 25, 0/203 (231) HPs)
             Began as a Hill Orc Artificer on Feb 6, 2023.
             Was the Champion of Qazlal.
             Slain by a stone giant (23 damage)
             ... while paralysed by a sphinx
             ... on level 5 of the Vaults.
             The game lasted 01:36:36 (60745 turns).

ragingrage the End of an Era (Hill Orc Artificer)  Turns: 60745, Time: 01:36:37

HP:   0/203 (231)   AC: 45    Str: 26      XL:     25   Next: 47%
MP:   49/49         EV:  2    Int: 20 (21) God:    Qazlal [******]
Gold: 2810          SH:  0    Dex: 24      Spells: 30/32 levels left

rFire   + + +      SeeInvis +    a - +5 broad axe (vamp)
rCold   + + .      Faith    .    F - +2 shield of Resistance {rF++ rC++ Will++}
rNeg    . . .      Spirit   .    v - +9 plate armour "Bauloasa" {Dex+2}
rPois   +          Reflect  .    t - +3 hat of Pondering {ponderous, Will+ MP+10 Int+5}
rElec   .          Harm     .    L - +2 cloak
rCorr   +          Rampage  +    f - +2 pair of gloves
Will    ++...                    j - +1 pair of boots {rampage} Stlth
                                 m - amulet of Duamec {RegenMP rPois rF+ Regen+}
HPRegen 1.33/turn                z - ring "Dysohaf" {Drain rCorr Int+6 Dex+7 SInv}
MPRegen 0.71/turn                h - ring "Megocyf" {AC+4 SInv}

@: paralysed, weak-willed, wereblooded, protected from physical damage, studying
Axes, heavily drained, repel missiles, slow
A: fangs 1, horns 1, agile 1, deterioration 1, subdued magic 1
}: 3/15 runes: barnacled, slimy, gossamer
a: Renounce Religion, Upheaval, Elemental Force, Disaster Area


You were on level 5 of the Vaults.
You worshipped Qazlal.
Qazlal was exalted by your worship.
You visited 11 branches of the dungeon, and saw 50 of its levels.
You also visited: Sewer, Bailey and Ice Cave.

You collected 5982 gold pieces.
You spent 3172 gold pieces at shops.

Inventory:

Hand Weapons
 a - a +5 vampiric broad axe (weapon)
Missiles
 b - 8 silver boomerangs
 p - 6 boomerangs of dispersal
 y - 14 javelins
 A - 36 boomerangs (quivered)
 O - 3 throwing nets
 T - 7 silver javelins
 U - 7 curare-tipped darts
Armour
 c - the +2 pair of slick slippers {slick, slippery, EV+5}
   (You acquired it on level 3 of the Spider Nest)

   Slick:     Its wearer cannot be constricted, engulfed, netted or webbed.
   Slippery:  It slips away from damaging melee attacks, pulling the attacker
   onward.
   EV:        It affects your evasion (+5).
 f - a +2 pair of gloves (worn)
 j - a +1 pair of boots of rampaging (worn)
 t - the +3 hat of Pondering (worn) {ponderous, Will+ MP+10 Int+5}
   (You took it off Gastronok on level 3 of the Lair of Beasts)

   Int:       It affects your intelligence (+5).
   MP:        It affects your magic capacity (+10).
   Will:      It increases your willpower.
 v - the +9 plate armour "Bauloasa" (worn) {Dex+2}
   (You found it on level 1 of the Vaults)

   Dex:       It affects your dexterity (+2).
 F - the +2 shield of Resistance (worn) {rF++ rC++ Will++}
   (You acquired it on level 8 of the Dungeon)

   rF:        It greatly protects you from fire.
   rC:        It greatly protects you from cold.
   Will:      It greatly increases your willpower.
 L - a +2 cloak (worn)
Jewellery
 h - the ring "Megocyf" (right hand) {AC+4 SInv}
   (You bought it in a shop on level 2 of the Orcish Mines)

   [ring of protection]

   AC:        It affects your AC (+4).
   SInv:      It lets you see invisible.
 m - the amulet of Duamec (around neck) {RegenMP rPois rF+ Regen+}
   (You took it off a deep elf sorcerer on level 3 of the Elven Halls)

   [amulet of magic regeneration]

   It increases your rate of magic regeneration.
   rF:        It protects you from fire.
   rPois:     It protects you from poison.
   Regen:     It increases your rate of health regeneration.
 z - the ring "Dysohaf" (left hand) {Drain rCorr Int+6 Dex+7 SInv}
   (You took it off a deep elf pyromancer on level 3 of the Elven Halls)

   [ring of intelligence]

   Int:       It affects your intelligence (+6).
   Dex:       It affects your dexterity (+7).
   SInv:      It lets you see invisible.
   rCorr:     It protects you from acid and corrosion.
   Drain:     It drains your maximum health when unequipped.
Wands
 d - a wand of charming (4)
 e - a wand of iceblast (55)
 K - a wand of paralysis (41)
 X - a wand of quicksilver (20)
 Y - a wand of digging (18)
Scrolls
 g - 2 scrolls of fear
 q - 15 scrolls of teleportation
 r - 12 scrolls of blinking
 s - 2 scrolls of butterflies
 C - a scroll of silence
 D - 8 scrolls of magic mapping
 G - 4 scrolls of fog
 M - 9 scrolls of immolation
 Q - 5 scrolls of vulnerability
 Z - 3 scrolls of enchant armour
Potions
 i - 4 potions of might
 k - 13 potions of ambrosia
 l - 33 potions of curing
 n - 11 potions of lignification
 o - 5 potions of cancellation
 u - 9 potions of heal wounds
 w - 4 potions of haste
 x - 8 potions of flight
 E - 5 potions of magic
 H - 2 potions of berserk rage
 P - 4 potions of attraction
 R - 5 potions of invisibility
 S - 4 potions of resistance
Miscellaneous
 B - a condenser vane (inert)
 I - a box of beasts
 J - a phantom mirror
 N - a lightning rod (4/4)
 V - a tin of tremorstones (1/2)
 W - a phial of floods


   Skills:
 - Level 20.0 Fighting
 - Level 22.4 Axes
 - Level 16.0 Throwing
 - Level 15.0 Armour
 - Level 10.0 Dodging
 - Level 5.0 Stealth
 - Level 16.0 Shields
 - Level 4.0 Spellcasting
 - Level 10.0 Transmutations
 + Level 24.2 Invocations
 - Level 15.0 Evocations


You had 30 spell levels left.
You knew the following spells:

 Your Spells              Type           Power      Damage    Failure   Level
a - Wereblood             Tmut           33%        N/A       2%          2

Your spell library contained the following spells:

 Spells                   Type           Power      Damage    Failure   Level
 Beastly Appendage        Tmut           66%        N/A       1%          1
 Passwall                 Tmut/Erth      15%        N/A       24%         2
 Spider Form              Tmut/Pois      18%        N/A       45%         3
 Blade Hands              Tmut           16%        N/A       50%         5
 Ignite Poison            Fire/Tmut/Pois 13%        N/A       71%         3
 Apportation              Tloc           6%         N/A       78%         1
 Freeze                   Ice            12%        1d3       78%         1
 Kiss of Death            Conj/Necr      12%        2d6       78%         1
 Necrotise                Necr           12%        1d4       78%         1
 Sandblast                Erth           6%         2d5       78%         1
 Slow                     Hex            12%        N/A       78%         1
 Summon Small Mammal      Summ           12%        N/A       78%         1
 Ice Form                 Ice/Tmut       18%        N/A       86%         4
 Petrify                  Tmut/Erth      18%        N/A       86%         4
 Blink                    Tloc           6%         N/A       89%         2
 Cigotuvi's Dreadful Rot  Necr/Pois/Air  6%         N/A       89%         2
 Lesser Beckoning         Tloc           6%         N/A       89%         2
 Momentum Strike          Conj/Tloc      6%         3d8       89%         2
 Poisonous Vapours        Pois/Air       6%         N/A       89%         2
 Static Discharge         Conj/Air       6%         2-3/arc   89%         2
 Call Canine Familiar     Summ           3%         N/A       99%         3
 Confusing Touch          Hex            3%         N/A       99%         3
 Dazzling Flash           Conj/Hex       6%         N/A       99%         3
 Frozen Ramparts          Ice            6%         1d1       99%         3
 Gell's Gravitas          Tloc           3%         N/A       99%         3
 Hailstorm                Conj/Ice       3%         3d3       99%         3
 Inner Flame              Hex/Fire       3%         N/A       99%         3
 Kindle Blastsparks       Fire/Tloc/Air  6%         2d10      99%         3
 Mephitic Cloud           Conj/Pois/Air  3%         N/A       99%         3
 Ozocubu's Armour         Ice            3%         N/A       99%         3
 Stone Arrow              Conj/Erth      6%         3d7       99%         3
 Summon Guardian Golem    Hex/Summ       3%         N/A       99%         3
 Teleport Other           Tloc           3%         N/A       99%         3
 Tukima's Dance           Hex            3%         N/A       99%         3
 Vampiric Draining        Necr           3%         2d6       99%         3
 Vhi's Electric Charge    Tloc/Air       6%         N/A       99%         3
 Alistair's Intoxication  Tmut/Pois      12%        N/A       99%         5
 Irradiate                Conj/Tmut      9%         3d14      99%         5
 Yara's Violent Unravell  Hex/Tmut       9%         3d6       99%         5
 Airstrike                Air            1%         2d(1-17)  100%        4
 Anguish                  Hex/Necr       1%         N/A       100%        4
 Cause Fear               Hex            1%         N/A       100%        4
 Flame Wave               Conj/Fire      3%         2d5       100%        4
 Fulminant Prism          Conj/Hex       1%         3d5       100%        4
 Passage of Golubria      Tloc           3%         N/A       100%        4
 Sticky Flame             Conj/Fire      3%         2d3       100%        4
 Summon Ice Beast         Ice/Summ       3%         N/A       100%        4
 Summon Lightning Spire   Summ/Air       3%         N/A       100%        4
 Agony                    Necr           3%         N/A       100%        5
 Arcjolt                  Conj/Air       1%         1d11      100%        5
 Freezing Cloud           Conj/Ice/Air   1%         6-21      100%        5
 Lightning Bolt           Conj/Air       1%         1d12      100%        5
 Metabolic Englaciation   Hex/Ice        1%         N/A       100%        5
 Silence                  Hex/Air        1%         N/A       100%        5
 Dispersal                Tloc           1%         N/A       100%        6
 Eringya's Noxious Bog    Tmut/Pois      9%         N/A       100%        6
 Simulacrum               Ice/Necr       1%         N/A       100%        6
 Statue Form              Tmut/Erth      12%        N/A       100%        6
 Dragon Form              Tmut           16%        N/A       100%        7
 Enfeeble                 Hex            1%         N/A       100%        7
 Ozocubu's Refrigeration  Ice            1%         4d7       100%        7
 Storm Form               Tmut/Air       9%         N/A       100%        7
 Discord                  Hex            1%         N/A       100%        8
 Lehudib's Crystal Spear  Conj/Erth      1%         10d2      100%        8
 Maxwell's Capacitive Co  Air            1%         ∞         100%        8


Dungeon Overview and Level Annotations

Branches:
Dungeon (15/15)            Temple (1/1) D:5            Lair (5/5) D:11
 Shoals (4/4) Lair:2       Spider (4/4) Lair:3        Slime (5/5) Lair:4
    Orc (2/2) D:12            Elf (3/3) Orc:2        Vaults (5/5) D:14
  Crypt (0/3) Vaults:3     Depths (4/4) D:15            Zot (2/5) Depths:4
  Sewer (visited)          Bailey (visited)           IceCv (visited)

Altars:
Ashenzari
Cheibriados
Dithmenos
Elyvilon
Fedhas
Gozag
Hepliaklqana
Kikubaaqudgha
Makhleb
Nemelex Xobeh
Okawaru
Qazlal
Ru
Sif Muna
Trog
Uskayaw
Vehumet
Wu Jian
Xom
Yredelemnul
Zin
The Shining One
Beogh
Jiyva

Shops:
D:5 *   D:7 *   D:13 *   Orc:1 *   Orc:2 !?[:=   Elf:1 ?   Vaults:1 (
Vaults:4 =

Portals:
Hell: Depths:1 Depths:2 Depths:3 Depths:4
Abyss: Depths:3
Pandemonium: Depths:2 Depths:4
Ziggurat: Depths:3

Annotations:
D:5 3 runed translucent doors, hbarley's ghost, novice HOFi; retardedninja's ghost, novice GrFi
D:6 exclusion: shadow
D:8 exclusion: door
Lair:3 exclusion: 4 oklob plants
Spider:4 2 transporters, exclusion: 2 orange crystal statues, jasper's ghost, adept DsVM
Elf:2 3 runed translucent doors


Innate Abilities, Weirdness & Mutations

You have very sharp teeth.
You have a pair of small horns on your head.
You are agile. (Dex +4, Str/Int -1)
Your body sometimes deteriorates upon taking damage.
Your spells are a little easier to cast, but a little less powerful.


Message History

The storm dragon claws you.
The storm dragon tramples you but does no damage.
The phantasmal warrior hits you!
* * * LOW HITPOINT WARNING * * *
The vault sentinel hits you but does no damage.
The frost giant is engulfed in blazing flames.
The fire giant hits you but does no damage.
You hear a deafening roar!
The sphinx hits you but does no damage. x2; The sphinx barely misses you.
The storm dragon bites you but does no damage.
The storm dragon claws you but does no damage.
The storm dragon tramples you!
* * * LOW HITPOINT WARNING * * *
You feel more protected from physical attacks.
You hold your ground!
The stone giant hits you but does no damage.
The vault sentinel casts a spell at you.
You barely resist.
An ettin comes into view. It is wielding two +0 dire flails.
The phantasmal warrior is struck by lightning.
The phantasmal warrior hits you but does no damage.
The frost giant is engulfed in blazing flames.
The fire giant is struck by lightning.
The fire giant hits you with the +9 great sword of Conformity {flame, rElec rN+ Stlth-}!
* * * LOW HITPOINT WARNING * * *
The fire giant burns you.
* * * LOW HITPOINT WARNING * * *
You hear a deafening roar!
The frost giant seems less brilliant.
The sphinx hits you.
* * * LOW HITPOINT WARNING * * *
The sphinx hits you but does no damage. x2
The storm dragon completely misses you. The storm dragon claws you.
* * * LOW HITPOINT WARNING * * *
The storm dragon tramples you but does no damage.
The fire giant hits you but does no damage.
The vault sentinel hits you with a +0 war axe.
* * * LOW HITPOINT WARNING * * *
The phantasmal warrior hits you but does no damage.
The stone giant hits you!!
You die...

#....# ... #
#.§§§# ..C ..
#.§§§# [... ...
#.§§§#.....
#.?#.[..#.....
#...§§)°......
###.[§WH9..####
...[.§§@C§§....
..[[.§pDC)§§...
....)°○C§§§§...
......[§§§§§...
###...[§§§§####
.....[[§§§§
###.#...§#§§§
#+#....#.§§§


You could see a storm dragon, a frost giant, a fire giant (empowered), a sphinx
(empowered), a stone giant, an ettin, a war gargoyle, a vault sentinel
(empowered) and a phantasmal warrior.

Vanquished Creatures
  the Royal Jelly (Slime:5)
  A dread lich (Vaults:2)
  2 ancient liches
  A juggernaut (Depths:4)
  Margery (Vaults:3)
  Boris (twice) (Depths:4 Vaults:5)
  4 golden dragons
  5 caustic shrikes (Depths:4)
  An electric golem (Depths:4)
  2 hellephants (Depths:1)
  2 Ice Fiends (IceCv)
  4 tentacled monstrosities
  Rupert (D:15)
  A walking earthen tome (Depths:4)
  Mlioglotl (Shoals:4)
  2 deep elf blademasters (Elf:3)
  3 liches
  4 quicksilver dragons
  2 death cobs
  A deep elf master archer (Elf:3)
  A kraken (Shoals:3)
  Gastronok (Lair:3)
  Polyphemus (Shoals:3)
  19 acid blobs
  4 sphinxes
  7 storm dragons
  2 tengu reavers
  8 shadow dragons
  6 fire giants
  6 rockslimes
  8 azure jellies
  An iron dragon (Depths:2)
  4 deep elf sorcerers
  3 emperor scorpions
  4 frost giants
  Aizul (Elf:3)
  4 ghost moths
  2 draconian shifters
  A draconian scorcher (Zot:1)
  2 draconian stormcallers
  13 vault wardens
  3 orc warlords
  3 deep elf elementalists (Elf:3)
  12 very ugly things
  13 quicksilver oozes
  18 ironbound preservers
  12 stone giants
  8 ironbound thunderhulks
  A reaper (Depths:2)
  A war gargoyle (Vaults:2)
  2 elemental wellsprings (Shoals:1)
  8 deep elf demonologists
  2 green draconians
  3 vampire knights
  3 black draconians
  A yellow draconian (Zot:2)
  A lorocyproca (Depths:4)
  3 red draconians
  5 white draconians
  7 deep elf annihilators (Elf:3)
  9 dire elephants
  2 minotaurs (Shoals:4)
  6 spark wasps
  5 ettins
  4 purple draconians
  6 deep elf death magi
  A merfolk javelineer (Shoals:2)
  A green death (Depths:2)
  13 yaktaur captains
  Snorg (Orc:2)
  Josephine (Lair:3)
  3 deep elf high priests
  9 fire dragons
  8 merfolk impalers
  5 entropy weavers
  29 vault guards
  3 spriggan air magi (Depths:2)
  3 great orbs of eyes
  4 hydras
  A jorogumo (Spider:4)
  4 rakshasas
  A juggernaut simulacrum (Depths:2)
  6 ice dragons
  2 catoblepae
  2 peacekeepers
  2 ironbound frosthearts
  5 ogre magi
  A radroach (Spider:1)
  12 satyrs
  An alligator snapping turtle (Shoals:4)
  8 hell hogs
  15 boulder beetles
  29 centaur warriors
  12 dancing weapons
  22 two-headed ogres
  A merfolk aquamancer (Shoals:1)
  4 death yaks (Shoals:3)
  5 deep troll shamans
  9 deep troll earth magi
  4 tengu warriors
  9 spriggan berserkers
  Urug (D:12)
  6 deep elf knights
  A storm dragon zombie (Depths:2)
  2 soul eaters (Depths:2)
  7 hell knights
  A sixfirhy (Depths:2)
  4 iron trolls
  2 pharaoh ants
  2 goliath frogs (Lair:5)
  A death drake (shapeshifter) (D:12)
  3 sun moths (Spider:4)
  4 orb spiders
  A goliath frog (shapeshifter) (Vaults:3)
  A glowing orange brain (Vaults:3)
  6 skeletal warriors
  76 deep trolls
  9 sea snakes
  A flayed ghost (D:15)
  A swamp dragon (Zot:1)
  An obsidian statue (IceCv)
  18 ironbound convokers
  A tengu zombie (Vaults:2)
  A lindwurm (shapeshifter) (Vaults:3)
  3 spriggan simulacra (IceCv)
  7 necromancers
  8 wizards
  15 deep elf archers
  4 wolf spider zombies (Spider:2)
  4 spectral wolf spiders (Spider:2)
  12 steelbarb worms
  5 lindwurms
  26 deep elf pyromancers
  9 orc knights
  22 deep elf zephyrmancers
  A mana viper (shapeshifter) (Depths:2)
  19 harpies
  55 ugly things
  19 wolf spiders
  21 manticores
  4 cyclopes
  3 shining eyes
  A stone giant zombie (Vaults:2)
  An orc sorcerer (Orc:2)
  An iron dragon skeleton (Depths:2)
  29 fauns
  Maurice (D:12)
  9 elephants
  A moth of wrath (shapeshifter) (D:14)
  6 black mambas
  8 merfolk sirens
  3 rust devils
  4 eyes of devastation
  8 demonic crawlers
  3 torpor snails
  24 cane toads
  8 moths of wrath
  A smoke demon (Depths:2)
  14 vault sentinels
  2 gargoyles
  5 water nymphs
  3 unseen horrors (D:15)
  A stone giant skeleton (Vaults:2)
  An orange demon (Depths:4)
  13 yaktaurs
  An efreet (D:15)
  A kobold demonologist (D:12)
  7 unseen horror zombies (D:9)
  4 tengu conjurers
  A red devil (Depths:2)
  11 freezing wraiths
  16 komodo dragons
  4 rime drakes
  A golden dragon simulacrum (Depths:2)
  6 ice devils
  3 anaconda simulacra (IceCv)
  3 hellwings (Depths:2)
  A queen bee (Lair:3)
  27 merfolk
  3 polar bears
  2 tyrant leeches (Lair:5)
  4 hornets
  3 meliai (Spider:4)
  4 wind drakes
  6 trolls
  6 wolf spider simulacra (Spider:2)
  26 tarantellas
  5 snapping turtles
  A blink frog (shapeshifter) (D:13)
  18 blink frogs
  9 dream sheep
  A jumping spider (shapeshifter) (D:12)
  15 jumping spiders
  A centaur simulacrum (D:14)
  6 shadows
  3 spriggans (Depths:4)
  11 water elementals
  15 culicivoras
  5 air elementals
  3 dire elephant simulacra (IceCv)
  58 slime creatures
  3 wyverns
  13 wraiths
  18 yaks
  6 fire elementals
  9 golden eyes
  16 humans (D:14)
  13 basilisks
  A steam dragon (Lair:3)
  A chaos spawn (Depths:2)
  25 redbacks
  18 vampire mosquitoes
  A harpy simulacrum (IceCv)
  4 wargs
  3 minotaur simulacra (IceCv)
  Edmund (D:5)
  3 acid dragons
  A naga (shapeshifter) (Vaults:2)
  2 floating eyes
  10 water moccasins
  A glowing shapeshifter skeleton (Depths:2)
  3 ice beasts (D:11)
  31 orc warriors
  3 black bears
  A sky beast (D:7)
  An alligator simulacrum (IceCv)
  33 ogres
  26 wolves
  5 boggarts (D:15)
  18 centaurs
  3 phantoms
  4 deep troll simulacra (IceCv)
  13 bullfrogs
  5 kobold brigands
  An earth elemental (Elf:3)
  3 necrophages
  2 gnoll sergeants
  2 glowing shapeshifter simulacra (Vaults:2)
  6 scorpions
  3 troll zombies (D:12)
  50 killer bees
  8 howler monkeys
  11 electric eels
  6 hounds
  4 jellies
  2 human simulacra (Vaults:2)
  12 orc priests
  2 gnoll boudas
  2 iguanas
  29 orc wizards
  Natasha (thrice) (D:2)
  10 hell rats
  A killer bee zombie (D:9)
  5 ogre zombies (D:12)
  2 howler monkey zombies (D:9)
  7 adders
  23 gnolls
  A river rat (D:4)
  5 shadow imps
  3 white imps
  4 worms
  A dart slug (D:2)
  109 orcs
  4 ball pythons
  3 bats
  5 endoplasms
  7 giant cockroaches
  12 goblins
  15 hobgoblins
  15 jackals
  28 kobolds
  2 quokkas
  4 frilled lizards
  2 goblin skeletons (D:12)
  3 goblin zombies (D:12)
  2 hobgoblin skeletons (D:12)
  2 hobgoblin zombies (D:12)
  An orc skeleton (D:12)
  15 orc zombies (D:12)
  10 rats
  3 tentacles (Shoals:3)
2083 creatures vanquished.

Vanquished Creatures (collateral kills)
  Saint Roka (Vaults:2)
  Bai Suzhen (Vaults:3)
  A deep elf master archer (Elf:3)
  2 sphinxes
  A rockslime (Slime:5)
  An emperor scorpion (Spider:2)
  An ironbound thunderhulk (Vaults:3)
  2 quicksilver oozes (Slime:5)
  A deep elf death mage (Elf:3)
  An entropy weaver (Spider:2)
  A satyr (Shoals:4)
  A deep troll (Vaults:3)
  3 harpies (Shoals:4)
  A faun (Shoals:4)
  A manticore (D:13)
  3 slime creatures
  A howler monkey (D:3)
  4 orcs (Bailey)
27 creatures vanquished.

Vanquished Creatures (others)
  A lich (Vaults:5)
  A black draconian (Zot:1)
  A deep elf death mage (Elf:3)
  A deep elf knight (Elf:3)
  A harpy (Shoals:4)
  A deep elf pyromancer (Elf:2)
  2 deep elf zephyrmancers
  A tarantella (Spider:3)
  An air elemental (Elf:2)
  2 orc warriors (Bailey)
  A hound (D:3)
  2 orc wizards
  2 orcs (Bailey)
  A jackal (D:3)
  21 fungi
  110 plants
  4 tentacles (Shoals:3)
  6 withered plants (D:5)
159 creatures vanquished.

Grand Total: 2269 creatures vanquished

Notes
Turn   | Place    | Note
-------+----------+-------------------------------------------
     0 | D:1      | ragingrage the Hill Orc Artificer began the quest for the
                  | Orb.
     0 | D:1      | Reached XP level 1. HP: 16/16 MP: 1/1
   187 | D:1      | Reached skill level 1 in Stealth
   291 | D:1      | Reached XP level 2. HP: 19/20 MP: 2/2
   362 | D:1      | Found a faded altar of an unknown god.
   830 | D:1      | Reached XP level 3. HP: 29/29 MP: 3/3
  1238 | D:2      | Reached skill level 1 in Axes
  1610 | D:2      | Noticed Natasha
  1621 | D:2      | Killed Natasha
  1622 | D:2      | Reached XP level 4. HP: 24/37 MP: 4/4
  1813 | D:2      | Noticed Natasha
  1827 | D:2      | Killed Natasha
  1871 | D:2      | Noticed Natasha
  1889 | D:2      | Killed Natasha
  1890 | D:2      | Reached XP level 5. HP: 33/45 MP: 5/5
  2557 | D:3      | Reached XP level 6. HP: 42/52 MP: 6/6
  3463 | D:3      | Reached XP level 7. HP: 58/60 MP: 5/7
  4245 | D:3      | Reached skill level 5 in Fighting
  4414 | D:4      | Found an opulent altar of Gozag.
  4652 | D:4      | Found a sparkling altar of Nemelex Xobeh.
  4677 | D:4      | Reached skill level 5 in Axes
  4895 | D:4      | Found a glowing drain.
  4907 | Sewer    | Entered a sewer
  5018 | Sewer    | Reached XP level 8. HP: 53/68 MP: 5/8
  5090 | Sewer    | Found a white marble altar of Elyvilon.
  5223 | Sewer    | Became a worshipper of Elyvilon the Healer
  6213 | D:5      | Entered Level 5 of the Dungeon
  6213 | D:5      | Reached * piety under Elyvilon
  6223 | D:5      | Reached skill level 1 in Invocations
  6377 | D:5      | Noticed Edmund
  6594 | D:4      | Reached skill level 2 in Invocations
  7002 | D:5      | Reached skill level 3 in Invocations
  7126 | D:5      | Reached skill level 4 in Invocations
  7321 | D:5      | Killed Edmund
  7322 | D:5      | Reached XP level 9. HP: 61/74 MP: 8/12
  7329 | D:5      | Reached skill level 10 in Axes
  7418 | D:5      | Found a burning altar of Makhleb.
  7432 | D:5      | Found a staircase to the Ecumenical Temple.
  7442 | Temple   | Entered the Ecumenical Temple
  7565 | Temple   | Fell from the grace of Elyvilon
  7565 | Temple   | Became a worshipper of Qazlal Stormbringer
  7623 | D:5      | Found Noemm's General Store.
  7892 | D:5      | Found a runed translucent gate.
  7892 | D:5      | Found a runed translucent gate.
  7892 | D:5      | Found a runed translucent gate.
  7893 | D:5      | Noticed retardedninja's ghost (novice GrFi)
  7893 | D:5      | Noticed hbarley's ghost (novice HOFi)
  9389 | D:7      | Found Vita's Elemental Accessories.
  9397 | D:7      | Bought a lightning rod (4/4) for 300 gold pieces
  9515 | D:7      | Found a radiant altar of Vehumet.
  9709 | D:7      | Found a shadowy altar of Dithmenos.
 10346 | D:8      | Reached * piety under Qazlal
 10363 | D:8      | Reached skill level 1 in Shields
 10467 | D:8      | Noticed a hornet
 10607 | D:8      | Found a flagged portal.
 10624 | Bailey   | Entered a bailey
 10732 | Bailey   | Reached ** piety under Qazlal
 10733 | Bailey   | Reached XP level 10. HP: 66/81 MP: 10/13
 10838 | Bailey   | Noticed an orc knight
 10857 | Bailey   | Killed an orc knight
 10927 | Bailey   | Noticed an orc knight
 10952 | Bailey   | Killed an orc knight
 10953 | Bailey   | Reached skill level 5 in Shields
 11073 | Bailey   | Noticed an orc knight
 11104 | Bailey   | Killed an orc knight
 11105 | Bailey   | Reached skill level 5 in Evocations
 11179 | D:8      | Acquired the +2 shield of Resistance {rF++ rC++ Will++}
 11179 | D:8      | Found the +2 shield of Resistance {rF++ rC++ Will++}
 11404 | D:8      | Reached skill level 5 in Stealth
 11409 | D:8      | Reached skill level 5 in Invocations
 11606 | D:8      | Found a hide-covered altar of Uskayaw.
 12186 | D:9      | Found a white marble altar of Elyvilon.
 12406 | D:9      | Reached skill level 6 in Invocations
 12406 | D:9      | Reached XP level 11. HP: 64/91 MP: 10/15
 12588 | D:9      | Found a basalt altar of Yredelemnul.
 12639 | D:9      | Reached *** piety under Qazlal
 12643 | D:9      | Reached skill level 5 in Armour
 12981 | D:10     | Entered Level 10 of the Dungeon
 13027 | D:10     | Reached skill level 7 in Invocations
 13112 | D:10     | Found a blossoming altar of Fedhas.
 13800 | D:10     | Found a shimmering blue altar of Sif Muna.
 13800 | D:10     | Found an ornate altar of the Wu Jian Council.
 13856 | D:10     | Reached **** piety under Qazlal
 14664 | D:10     | Found a glowing silver altar of Zin.
 14785 | D:10     | Reached skill level 8 in Invocations
 15107 | D:11     | Found a staircase to the Lair.
 15342 | D:11     | Noticed a two-headed ogre
 15348 | D:11     | Killed a two-headed ogre
 15349 | D:11     | Reached XP level 12. HP: 58/103 MP: 9/18
 15488 | D:11     | Noticed a two-headed ogre
 15499 | D:11     | Killed a two-headed ogre
 15748 | D:11     | Reached skill level 9 in Invocations
 15839 | D:11     | Learned a level 2 spell: Wereblood
 16363 | D:12     | Reached skill level 1 in Transmutations
 16385 | D:12     | Reached ***** piety under Qazlal
 16455 | D:12     | Found a staircase to the Orcish Mines.
 16494 | D:12     | Noticed a boulder beetle
 16536 | D:12     | Killed a boulder beetle
 16606 | D:12     | Found the +9 staff of Olgreb {rPois∞}
 16719 | D:12     | Noticed Urug
 16731 | D:12     | Reached skill level 10 in Fighting
 16745 | D:12     | Killed Urug
 16746 | D:12     | Noticed Maurice
 17292 | D:12     | Noticed a boulder beetle
 17314 | D:12     | Killed a boulder beetle
 17373 | D:12     | Found a bloodstained altar of Trog.
 17588 | D:12     | Killed Maurice
 17840 | D:12     | Reached skill level 10 in Shields
 17916 | D:12     | Noticed a boulder beetle
 17930 | D:12     | Killed a boulder beetle
 17931 | D:12     | Reached XP level 13. HP: 101/113 MP: 13/19
 19156 | D:13     | Reached skill level 5 in Transmutations
 19161 | D:13     | Reached skill level 10 in Evocations
 19226 | D:13     | Identified the +4 chain mail of Idealism {Will+}
 19571 | D:13     | Found Zufuohinoe's Hallowed Reliquary.
 19571 | D:13     | Noticed an angel
 19627 | D:13     | Bought a potion of heal wounds for 75 gold pieces
 19627 | D:13     | Bought a potion of heal wounds for 75 gold pieces
 19921 | Lair:1   | Entered Level 1 of the Lair of Beasts
 20897 | Lair:2   | Reached XP level 14. HP: 121/121 MP: 20/20
 21458 | Lair:2   | Acquired a +0 vampiric broad axe
 21916 | Lair:2   | Found a staircase to the Shoals.
 22227 | Lair:3   | Reached skill level 15 in Axes
 22382 | Lair:3   | Found a hole to the Spider Nest.
 22406 | Lair:3   | Noticed Gastronok
 22428 | Lair:3   | Killed Gastronok
 22498 | Lair:3   | Noticed Josephine
 22523 | Lair:3   | Killed Josephine
 22900 | Lair:3   | Reached ****** piety under Qazlal
 24313 | Lair:4   | Found a staircase to the Slime Pits.
 24346 | Lair:4   | Identified the +8 quarterstaff of Terrible Optimality
                  | {pain, rC+ Str+3}
 24364 | Lair:4   | Found a viscous altar of Jiyva.
 24804 | Lair:5   | Entered Level 5 of the Lair of Beasts
 24966 | Lair:5   | Reached XP level 15. HP: 123/126 MP: 15/21
 26312 | Orc:1    | Entered Level 1 of the Orcish Mines
 26377 | Orc:1    | Identified the +6 whip "Dobbeir" {elec, *Slow rF+ Will+
                  | rCorr}
 26378 | Orc:1    | Found a burning altar of Makhleb.
 26523 | Orc:1    | Found Nuhasmur's Assorted Antiques.
 26534 | Orc:1    | Bought a bubbling white potion for 32 gold pieces
 26924 | Orc:2    | Entered Level 2 of the Orcish Mines
 27023 | Orc:2    | Found a staircase to the Elven Halls.
 27166 | Orc:2    | Reached skill level 15 in Shields
 27354 | Orc:2    | Found Itze's Book Boutique.
 27354 | Orc:2    | Found Gudotaj's Magic Scroll Shoppe.
 27355 | Orc:2    | Found Juym's Jewellery Emporium.
 27355 | Orc:2    | Found Dejuonue's Antique Armour Boutique.
 27362 | Orc:2    | Noticed Snorg
 27372 | Orc:2    | Killed Snorg
 27379 | Orc:2    | Bought a glowing helmet for 210 gold pieces
 27379 | Orc:2    | Bought a pair of glowing gloves for 210 gold pieces
 27411 | Orc:2    | Noticed an orc warlord
 27435 | Orc:2    | Reached skill level 1 in Throwing
 27443 | Orc:2    | Killed an orc warlord
 27557 | Orc:2    | Found Qouduun's Distillery.
 28056 | Orc:1    | Found a roughly hewn altar of Beogh.
 28351 | Orc:2    | Bought the ring "Megocyf" {AC+4 SInv} for 708 gold pieces
 28516 | D:14     | Found a gate to the Vaults.
 28531 | D:14     | Reached XP level 16. HP: 141/141 MP: 16/22
 28612 | D:14     | Reached skill level 1 in Dodging
 28744 | D:14     | Noticed a tengu reaver
 28754 | D:14     | Killed a tengu reaver
 28796 | D:14     | Identified the +8 glaive of Fear {freeze, rF+ rN+ Dex+3}
 28801 | D:14     | Identified the +6 lajatang of Fedhas's Hope {heavy, Dex+4}
 29419 | D:14     | Found a glowing golden altar of the Shining One.
 29654 | D:15     | Entered Level 15 of the Dungeon
 30187 | D:15     | Reached skill level 5 in Throwing
 30227 | D:15     | Reached skill level 10 in Invocations
 30390 | D:15     | Found a staircase to the Depths.
 30396 | D:15     | Noticed Rupert
 30438 | D:15     | Killed Rupert
 31423 | Spider:1 | Entered Level 1 of the Spider Nest
 31474 | Spider:1 | Reached XP level 17. HP: 151/151 MP: 18/24
 33273 | Spider:2 | Reached skill level 11 in Invocations
 34716 | Spider:3 | Acquired the +2 pair of slick slippers {slick, slippery,
                  | EV+5}
 34716 | Spider:3 | Found the +2 pair of slick slippers {slick, slippery, EV+5}
 35006 | Spider:4 | Entered Level 4 of the Spider Nest
 35715 | Spider:4 | Reached skill level 12 in Invocations
 35789 | Spider:4 | Reached skill level 15 in Fighting
 35843 | Spider:4 | Reached XP level 18. HP: 159/159 MP: 27/27
 36452 | Spider:4 | Noticed jasper's ghost (adept DsVM)
 36569 | Spider:4 | Found a transporter.
 36575 | Spider:4 | Found a transporter.
 36747 | Spider:4 | Identified the +0 hat of Fytathru {rCorr}
 36762 | Spider:4 | Got a gossamer rune of Zot
 37020 | Elf:1    | Entered Level 1 of the Elven Halls
 37229 | Elf:1    | Paralysed by an air elemental for 1 turns
 37370 | Elf:1    | Found an ancient bone altar of Kikubaaqudgha.
 37512 | Elf:1    | Paralysed by an air elemental for 1 turns
 37912 | Elf:1    | Found Nuinkuva's Magic Scroll Shop.
 38072 | Elf:2    | Reached skill level 1 in Spellcasting
 38072 | Elf:2    | Reached skill level 13 in Invocations
 38463 | Elf:2    | Found a runed translucent gate.
 38463 | Elf:2    | Found a runed translucent gate.
 38473 | Elf:2    | Found a runed translucent gate.
 38704 | Elf:3    | Entered Level 3 of the Elven Halls
 38821 | Elf:3    | Paralysed by an air elemental for 1 turns
 38826 | Elf:3    | Paralysed by an air elemental for 1 turns
 38885 | Elf:3    | Noticed a deep elf blademaster
 38902 | Elf:3    | Noticed a Tzitzimitl
 38907 | Elf:3    | Reached skill level 10 in Armour
 38907 | Elf:3    | Killed a deep elf blademaster
 38918 | Elf:3    | Identified the amulet of the Philosopher {Reflect Dex+3
                  | SH+5}
 39041 | Elf:3    | Identified the +0 great sword of Trauma {heavy, Int+3}
 39555 | Elf:3    | Identified the +0 leather armour "Wimuap" {Fly}
 39555 | Elf:3    | Identified the amulet of Duamec {RegenMP rPois rF+ Regen+}
 39564 | Elf:3    | Identified the +5 shortbow of Bile {antimagic, rPois Str-5
                  | Dex+3 SInv}
 39754 | Elf:3    | Paralysed by an air elemental for 1 turns
 39924 | Elf:3    | Noticed a deep elf master archer
 39932 | Elf:3    | Reached XP level 19. HP: 156/166 MP: 29/29
 39963 | Elf:3    | Noticed Aizul
 40000 | Elf:3    | Killed Aizul
 40009 | Elf:3    | Identified the +4 rapier "Madoja" {freeze, rF+}
 40009 | Elf:3    | Identified the ring "Dysohaf" {Drain rCorr Int+6 Dex+7
                  | SInv}
 40128 | Elf:3    | Found a shimmering blue altar of Sif Muna.
 40604 | Elf:3    | Identified the +1 plate armour of the Shore {Harm Str+4
                  | Dex+2}
 41004 | Elf:3    | Identified the +10 arbalest "Arcanum" {freeze, rF+ Will-
                  | Str+2 Dex+6}
 41097 | Elf:3    | Got Ade Pias's Vellum of Glaciation
 41132 | Elf:3    | Identified the +3 sling of Abyid {flame, rF+ rC+ MP-9
                  | Stlth+}
 41497 | Shoals:1 | Entered Level 1 of the Shoals
 41652 | Shoals:1 | Reached skill level 14 in Invocations
 41716 | Shoals:1 | Reached skill level 10 in Transmutations
 42422 | Shoals:2 | Found a frozen archway.
 42432 | IceCv    | Entered an ice cave
 42614 | IceCv    | Noticed an Ice Fiend
 42624 | IceCv    | Killed an Ice Fiend
 42625 | IceCv    | Noticed an Ice Fiend
 42637 | IceCv    | Killed an Ice Fiend
 43309 | Shoals:2 | Reached skill level 5 in Dodging
 43602 | Shoals:3 | Noticed Polyphemus
 43638 | Shoals:3 | Killed Polyphemus
 43639 | Shoals:3 | Reached XP level 20. HP: 178/178 MP: 31/31
 44103 | Shoals:4 | Entered Level 4 of the Shoals
 44147 | Shoals:4 | Reached skill level 15 in Invocations
 44486 | Shoals:4 | Noticed Mlioglotl
 44501 | Shoals:4 | Killed Mlioglotl
 44730 | Shoals:4 | Got a barnacled rune of Zot
 44754 | Shoals:4 | Identified the +3 shortbow "Siehunai" {flame, *Corrode rC+
                  | Will+ Str+6}
 44834 | Shoals:4 | Reached skill level 15 in Evocations
 44856 | Shoals:4 | Identified the ring of Moodiness {rElec rC- rCorr Slay-5
                  | SInv}
 45097 | Vaults:1 | Entered Level 1 of the Vaults
 45187 | Vaults:1 | Found Vaomi's Weapon Emporium.
 46493 | Vaults:1 | Identified the +3 robe of the Enchanted Forest {Archmagi}
 46560 | Vaults:1 | Identified the +9 plate armour "Bauloasa" {Dex+2}
 47101 | Vaults:2 | Reached XP level 21. HP: 184/184 MP: 32/32
 47663 | Vaults:2 | Reached skill level 10 in Throwing
 47755 | Vaults:2 | Noticed a dread lich
 47770 | Vaults:2 | Killed a dread lich
 47773 | Vaults:2 | Noticed Saint Roka
 47799 | Vaults:2 | Killed Saint Roka
 48171 | Vaults:2 | Identified the +7 arbalest of Onuguguj {flame, Will+ Dex+3}
 48399 | Vaults:3 | Noticed Bai Suzhen
 48413 | Vaults:3 | Killed Bai Suzhen
 48847 | Vaults:3 | Reached skill level 15 in Armour
 48888 | Vaults:3 | Reached XP level 22. HP: 190/194 MP: 33/33
 49136 | Vaults:3 | Reached skill level 16 in Invocations
 49229 | Vaults:3 | Found a staircase to the Crypt.
 49276 | Vaults:3 | Noticed an ancient lich
 49284 | Vaults:3 | Killed an ancient lich
 49337 | Vaults:3 | Got Hoal's Volume of the Altered Charnel House
 49481 | Vaults:3 | Noticed Margery
 49503 | Vaults:3 | Killed Margery
 49689 | Vaults:4 | Found Naritifa's Jewellery Shop.
 49916 | Vaults:4 | Reached skill level 17 in Invocations
 50007 | Vaults:4 | Identified the +0 pair of boots of Nybu {rC- rCorr Str+4
                  | Stlth+}
 50814 | Depths:1 | Entered Level 1 of the Depths
 50930 | Depths:1 | Reached skill level 18 in Invocations
 50992 | Depths:1 | Reached XP level 23. HP: 207/207 MP: 36/36
 51032 | Depths:1 | Found a gateway to Hell.
 51168 | Depths:1 | Noticed a juggernaut
 51169 | Depths:1 | Noticed a juggernaut
 51833 | Depths:2 | Paralysed by a floating eye for 2 turns
 52291 | Depths:2 | Found a one-way gate leading to the halls of Pandemonium.
 52837 | Depths:3 | Reached skill level 19 in Invocations
 52887 | Depths:3 | Found a one-way gateway to a ziggurat.
 53032 | Depths:3 | Found a one-way gate to the infinite horrors of the Abyss.
 53118 | Depths:3 | Identified the +9 halberd "Oneotuw" {venom, Str+3}
 53124 | Depths:3 | Identified the +10 spear of Disembowelment {antimagic,
                  | rCorr Dex+4 SInv}
 53156 | Depths:3 | Found a hazy altar of Hepliaklqana.
 53461 | Depths:3 | Found an opulent altar of Gozag.
 53522 | Depths:4 | Entered Level 4 of the Depths
 53752 | Depths:4 | Noticed a caustic shrike
 53752 | Depths:4 | Noticed a caustic shrike
 53753 | Depths:4 | Noticed a caustic shrike
 53753 | Depths:4 | Noticed a caustic shrike
 53755 | Depths:4 | Noticed a caustic shrike
 53769 | Depths:4 | Noticed Boris
 53773 | Depths:4 | Noticed a juggernaut
 53812 | Depths:4 | Killed a juggernaut
 53853 | Depths:4 | Reached skill level 10 in Dodging
 53869 | Depths:4 | Killed Boris
 54021 | Depths:4 | Killed a caustic shrike
 54152 | Depths:4 | Killed a caustic shrike
 54316 | Depths:4 | Killed a caustic shrike
 54325 | Depths:4 | Killed a caustic shrike
 54482 | Depths:4 | Killed a caustic shrike
 54483 | Depths:4 | Reached skill level 20 in Invocations
 54483 | Depths:4 | Reached XP level 24. HP: 216/216 MP: 36/37
 54820 | Depths:4 | Found a gate to the Realm of Zot.
 55001 | Depths:4 | Found a blossoming altar of Fedhas.
 55229 | D:13     | Bought 2 silver boomerangs for 180 gold pieces
 55229 | D:13     | Bought a potion of curing for 45 gold pieces
 55229 | D:13     | Bought 2 silver boomerangs for 180 gold pieces
 55229 | D:13     | Bought a potion of curing for 45 gold pieces
 55229 | D:13     | Bought 3 silver boomerangs for 270 gold pieces
 55404 | Orc:2    | Bought a potion of haste for 140 gold pieces
 55404 | Orc:2    | Bought a potion of might for 56 gold pieces
 55404 | Orc:2    | Bought a potion of heal wounds for 70 gold pieces
 55473 | Orc:1    | Bought a scroll of teleportation for 108 gold pieces
 55473 | Orc:1    | Bought a potion of resistance for 360 gold pieces
 55473 | Orc:1    | Bought a scroll of teleportation for 108 gold pieces
 55629 | Slime:1  | Entered Level 1 of the Pits of Slime
 56058 | Slime:1  | Found a viscous altar of Jiyva.
 56231 | Slime:2  | Gained mutation: You have very sharp teeth. [a shining eye]
 56251 | Slime:2  | Gained mutation: You are agile. (Dex +4, Str/Int -1) [a
                  | shining eye]
 56817 | Slime:4  | Reached skill level 15 in Throwing
 56964 | Slime:4  | Gained mutation: You have a pair of small horns on your
                  | head. [a shining eye]
 56967 | Slime:4  | Gained mutation: Your body sometimes deteriorates upon
                  | taking damage. [a shining eye]
 57187 | Slime:5  | Entered Level 5 of the Pits of Slime
 57356 | Slime:5  | Noticed the Royal Jelly
 57381 | Slime:5  | Reached skill level 21 in Invocations
 57396 | Slime:5  | Gained mutation: Your spells are a little easier to cast,
                  | but a little less powerful. [a shining eye]
 57774 | Slime:5  | Found a viscous altar of Jiyva.
 57854 | Slime:5  | Killed the Royal Jelly
 57969 | Slime:5  | Got a slimy rune of Zot
 57988 | Slime:5  | Identified the +0 chain mail "Haqoc" {rElec Dex+2}
 58010 | Slime:5  | Identified the ring of Ciyll {Wiz rPois Str+3}
 58016 | Slime:5  | Got the Notes on Malisons and the Adder
 58395 | Vaults:5 | Entered Level 5 of the Vaults
 58402 | Vaults:5 | Noticed Boris
 58406 | Vaults:5 | Noticed an ancient lich
 58412 | Vaults:5 | Killed Boris
 58423 | Vaults:5 | Killed an ancient lich
 58435 | Vaults:5 | Reached XP level 25. HP: 223/231 MP: 37/37
 58436 | Vaults:5 | Identified the +9 great sword of Conformity {flame, rElec
                  | rN+ Stlth-}
 58450 | Vaults:4 | Reached skill level 22 in Invocations
 58945 | Zot:1    | Entered Level 1 of the Realm of Zot
 59426 | Zot:1    | Reached skill level 23 in Invocations
 59571 | Zot:1    | Found the +5 Lochaber axe {reach-cleave, Poleaxe Drain}
 60413 | Zot:2    | Reached skill level 24 in Invocations
 60743 | Vaults:5 | Paralysed by a sphinx for 3 turns
 60745 | Vaults:5 | Slain by a stone giant

Illustrated notes

Levels and vault maps discovered:
D:1:      kennysheep_arrival_seaside, layout_basic,
          shapermc_ecumenical_altar_mp_urbaneastern,
          chequers_serial_rivers_small_3, minmay_worlds_worst_comb
D:2:      layout_rooms, nicolae_figureground_pulse, uniq_natasha
D:3:      lemuel_castle_with_subvaults [lemuel_castle_interior_carwin_1],
          layout_loops_ring, due_unseen_surprise
D:4:      layout_layer_cave, mainiacjoe_overflow_six_doors_small,
          nemelex_diamond_rough_becter, gup_sewer_entry_bubbles, st_stairs_2
D:5:      layout_cave_pools, mainiacjoe_overflow_alcove_4,
          minmay_temple_entry_sparse_star, gammafunk_ghost_cemetery,
          serial_shops, nicolae_shop_behind_doors, minmay_misc_feat_columns,
          grunt_ministairs_5, uniq_edmund
D:6:      nicolae_BIG_FREAKIN_CUBE, layout_gridville
D:7:      layout_basic, fiery_altar_vehumet, grunt_dithmenos_shadows,
          nicolae_elemental_shop
D:8:      layout_loops_corners, general_overflow_altar, enter_bailey_3
D:9:      layout_loops_ring, nicolae_yredelemnul_corpse_copse, elyvilon_altar_5
D:10:     kennysheep_six_static_rooms, layout_basic, zin_treasury,
          chequers_temple_overflow_statue_of_worship, serial_bayou_lake_a
D:11:     layout_loops_ring, hellmonk_lair_entry_icy
D:12:     nicolae_hexawheel, layout_irregular_city, zombieorc2_lemuel,
          trog_butcher_becter, uniq_urug, uniq_maurice
D:13:     layout_loops_corners, nicolae_good_shop
D:14:     layout_cave_pods, david_vaults_3, lemuel_tele_altar,
          minmay_the_grid_2x2 [minmay_the_grid_square_x,
          minmay_the_grid_diamond_grid, minmay_the_grid_aliased_spiral,
          minmay_the_grid_prize_diamond_cup]
D:15:     hangedman_depths_entry_civil_slaughter, layout_loops_ring,
          serial_glass, glass_columns_a, glass_columns_b, glass_columns_b,
          glass_columns_a, glass_columns_a, glass_columns_b, item_on_display_a,
          due_unseen_surprise, skrybe_limestone_x, minmay_liquid_box,
          minmay_evil_grid, uniq_rupert
Temple:   hellmonk_temple_flake
Lair:1:   layout_long_grid, st_stairs_7, beast_lair_carwin_10
Lair:2:   layout_cave_pods, minmay_shoals_entry_hut, gammafunk_lair_bear_cave,
          lemuel_fruit_tree
Lair:3:   hangedman_what_comes_after_a, layout_gridlike,
          hellmonk_spider_entry_life_and_decay, serial_bayou,
          serial_bayou_crossing, serial_bayou_lagoon_b, serial_bayou_ford_a,
          serial_bayou_pond_e, serial_bayou_pond_a, infiniplex_staircase_pool_2,
          uniq_gastronok, uniq_josephine
Lair:4:   layout_regular_city, slime_entry_1
Lair:5:   minmay_lair_end_frog_pond, layout_regular_city,
          eino_small_chamber_without_monster
Shoals:1: layout_shoals, nicolae_shoals_spring_well_temple
Shoals:2: layout_shoals, portal_ice_cave_entry_dragon
Shoals:3: layout_shoals, uniq_polyphemus
Shoals:4: shoals_end_hellmonk_lost_city, uniq_mlioglotl
Spider:1: layout_chambers
Spider:2: layout_spider_delve, nicolae_spider_undead_wolf_pack
Spider:3: layout_spider_delve
Spider:4: grunt_spider_rune_island, nzn_ghost_randoct,
          einodemon_crawler_minivault
Slime:1:  layout_caves, basic_altar
Slime:2:  layout_caves
Slime:3:  layout_caves, nicolae_slime_phagocytosis
Slime:4:  layout_caves
Slime:5
Orc:1:    cheibrodos_orc_bank, layout_diamond_mine, basic_altar, serial_shops,
          nicolae_shop_waterfront, bloody_makhleb
Orc:2:    st_orc_ogre_mass, layout_diamond_mine, serial_shops, shop, uniq_snorg
Elf:1:    eino_elf_arrival_sip, layout_geoelf_octagon, serial_shops,
          nicolae_shop_behind_doors, basic_altar, hangedman_elf_represent
Elf:2:    elven_hall_of_blades_hangedman_original
          [nicolae_blade_entry_pointy_end], layout_geoelf_grid
Elf:3:    grunt_elf_hall_spiral, layout_geoelf_octagon, basic_altar, uniq_aizul
Vaults:1: v_misc_5, v_misc_25, hangedman_vaults_stretched_pinwheel,
          ontoclasm_vaults_ligature, vaults_room_hallway,
          ontoclasm_vaults_twist, layout_vaults_quadrants, serial_shops,
          nicolae_shop_hallway_plus
Vaults:2: v_rooms_4, v_rooms_4, v_rooms_1, st_octagons_2,
          vaults_room_ringed_pool, nicolae_vaults_what_the_h,
          hangedman_vaults_stretched_pinwheel, ontoclasm_vaults_hangar,
          vaults_dpeg_encased_lava, nicolae_vaults_mini_display_case,
          serial_ice_g, nicolae_vaults_asterisk,
          nicolae_vaults_little_squares_6, nicolae_vaults_yaktaur_gun_rack,
          layout_vaults_ring, uniq_saint_roka
Vaults:3: hangedman_vaults_hat, nicolae_vaults_stairing_the_circle,
          ontoclasm_vaults_eye, nicolae_vaults_rhombus_7,
          hangedman_vaults_corner, nicolae_vaults_theta,
          minmay_crypt_entry_nasty_monster, nicolae_vaults_border_crossing,
          v_pattern_3, nicolae_vaults_shelves_hall, ontoclasm_vaults_hangar,
          v_alt_pattern_1, v_misc_23, dpeg_vaults_waves,
          nicolae_vaults_diagonal_hallway_6, vaults_dpeg_emergency_exit,
          layout_vaults_omnibox, uniq_bai_suzhen, uniq_margery
Vaults:4: hangedman_vaults_nodes, hangedman_vaults_river_flow, v_misc_3,
          nicolae_vaults_little_squares_3, nicolae_vaults_network_s,
          vaults_dpeg_diagonal, v_rooms_3, vaults_mumra_hexcomb,
          vaults_mumra_lcd, v_alt_pattern_4, nicolae_vaults_diagonal_hallway_6,
          vaults_room_pool, layout_vaults_maze_snakey, serial_shops, shop
Vaults:5
Depths:1: layout_cave_pools, grunt_hell_horde, minivault_12
Depths:2: minmay_distorted_concentric_squares, layout_cave_pools, hellmouth_1,
          patterned_corridor, grunt_pan_entry_spiral
Depths:3: nicolae_hitomezashi [nicolae_hito_row, nicolae_hito_row,
          nicolae_hito_row, nicolae_hito_row, nicolae_hito_row,
          nicolae_hito_row, nicolae_hito_row, nicolae_hito_row,
          nicolae_hito_row, nicolae_hito_row, nicolae_hito_row,
          nicolae_hito_row, nicolae_hito_row, nicolae_hito_row,
          nicolae_hito_row, nicolae_hito_row, nicolae_hito_row,
          nicolae_hito_row], layout_cave_shapes, enter_ziggurat_a, abyss_entry,
          nicolae_gozag_cash_rules_everything_around_me,
          pf_hell_entry_tar_spiral, worldfamousw_hep_ancestral_shrine
Depths:4: evilmike_zot_entry_hall, layout_cave_shapes, rand_demon_pan_entry_1,
          hell_entry, drop_trap, grunt_ministairs_1, fedhas_altar_1, uniq_boris
Zot:1:    layout_basic, st_large_dragon_hoard_1, grunt_megastairs_3
Zot:2:    kennysheep_spiral_hall, layout_gridlike

Skill      XL: |  1  2  3  4  5  6  7  8  9 10 11 12 13 14 15 16 17 18 19 20 21 22 23 24 25 |
---------------+----------------------------------------------------------------------------+-----
Stealth        | 1 2 3 4 5 |  5.0
Fighting       | 2 3 4 5 6 8 10 12 13 15 17 18 19 20 | 20.0
Axes           | 1 2 3 6 9 14 18 19 22 | 22.4
Evocations     | 4 5 7 9 10 11 12 13 14 15 | 15.0
Invocations    | 4 6 8 9 10 12 13 14 15 18 20 21 24 | 24.2
Shields        | 2 5 7 10 12 15 16 | 16.0
Armour         | 4 5 6 8 10 11 13 15 | 15.0
Transmutations | 4 6 7 8 9 10 | 10.0
Throwing       | 3 5 6 7 9 11 13 14 15 16 | 16.0
Dodging        | 3 4 5 7 9 10 | 10.0
Spellcasting   | 2 4 |  4.0

Action                     |  1- 3 |  4- 6 |  7- 9 | 10-12 | 13-15 | 16-18 | 19-21 | 22-24 | 25-27 || total
---------------------------+-------+-------+-------+-------+-------+-------+-------+-------+-------++-------
  Melee: Club              |    20 |       |       |       |       |       |       |       |       ||    20
         Dagger            |    95 |   290 |   132 |       |       |       |       |       |       ||   517
         Punch             |     2 |     5 |     2 |       |       |       |       |       |       ||     9
         Hand axe          |       |       |   440 |   763 |   573 |       |       |       |       ||  1776
         Staff             |       |       |       |    11 |    16 |    11 |       |       |       ||    38
         Broad axe         |       |       |       |       |   407 |  1584 |  1616 |  1855 |   311 ||  5773
         War axe           |       |       |       |       |    13 |     7 |       |       |       ||    20
         Bite              |       |       |       |       |       |       |       |    72 |    70 ||   142
         Headbutt          |       |       |       |       |       |       |       |    71 |   130 ||   201
  Throw: Dart              |       |       |    16 |    23 |     3 |     2 |       |       |       ||    44
         Boomerang         |       |       |       |       |       |       |    13 |    56 |     2 ||    71
         Javelin           |       |       |       |       |       |       |     3 |    11 |       ||    14
         Throwing net      |       |       |       |       |       |       |       |     1 |       ||     1
   Cast: Wereblood         |       |       |       |       |       |     4 |    25 |    39 |     9 ||    77
 Invoke: Purification      |       |       |     1 |       |       |       |       |       |       ||     1
         Elemental Force   |       |       |       |     1 |     1 |     3 |     3 |     2 |       ||    10
         Upheaval          |       |       |       |       |     1 |     6 |     3 |       |       ||    10
         Disaster Area     |       |       |       |       |       |     1 |       |     1 |       ||     2
Ability: Evoke the Staff o |       |       |       |    16 |    77 |    54 |     3 |       |       ||   150
  Evoke: Wand              |     1 |     3 |    10 |    11 |       |       |     7 |     3 |       ||    35
         Lightning rod     |       |       |       |     3 |     4 |       |     3 |       |       ||    10
         Phantom mirror    |       |       |       |       |       |     2 |     1 |     1 |       ||     4
         Tin of tremorston |       |       |       |       |       |       |     3 |     4 |     1 ||     8
         Box of beasts     |       |       |       |       |       |       |     1 |     4 |       ||     5
         Condenser vane    |       |       |       |       |       |       |       |     1 |     1 ||     2
    Use: Scroll            |       |       |    11 |    11 |    12 |     3 |     1 |     7 |       ||    45
         Potion            |       |       |     2 |     1 |       |     1 |     4 |     4 |       ||    12
   Stab: Sleeping          |     2 |     2 |     3 |       |       |       |       |       |       ||     7
         Paralysed         |       |       |     4 |     5 |       |       |     4 |     1 |       ||    14
         Petrified         |       |       |       |       |       |       |     5 |       |       ||     5
         Distracted        |       |       |       |       |       |       |       |     7 |       ||     7
         Confused          |       |       |       |       |       |       |       |       |     1 ||     1
 Armour: Leather armour    |    13 |       |       |       |       |       |       |       |       ||    13
         Ring mail         |    30 |   110 |   137 |       |       |       |       |       |       ||   277
         Plate armour      |       |       |    37 |   168 |       |   168 |   477 |   686 |   175 ||  1711
         Skin              |       |       |       |    17 |       |       |       |       |       ||    17
         Acid dragon scale |       |       |       |    34 |    20 |       |       |       |       ||    54
         Chain mail        |       |       |       |       |   205 |   428 |       |       |       ||   633
  Dodge: Dodged            |    71 |   128 |   230 |   106 |   117 |   367 |   528 |   670 |   138 ||  2355
         Repelled          |       |       |       |     3 |       |     4 |    18 |    24 |    13 ||    62
  Block: Buckler           |       |       |    60 |     5 |       |       |       |       |       ||    65
         Kite shield       |       |       |       |   563 |   839 |  1760 |  1804 |  1948 |   388 ||  7302
         Reflection        |       |       |       |       |       |     2 |       |       |       ||     2

Table legend: (Time is in decaauts)
 A = Elapsed time spent in this place.
 B = Non-inter-level travel time spent in this place.
 C = Inter-level travel time spent in this place.
 D = Time resting spent in this place.
 E = Time spent auto-exploring this place.
 F = Levels seen in this place.
 G = Mean time per level.
                   A        B        C        D        E       F      G
               +--------+--------+--------+--------+--------+-----+--------+
         Total |  59808 |  53004 |   6804 |   8093 |  29877 |  53 | 1128.5 |
       Dungeon |  22726 |  19929 |   2797 |   3276 |  11359 |  15 | 1515.1 |
        Temple |    134 |    117 |     17 |      0 |    105 |   1 |  134.0 |
          Lair |   6950 |   5970 |    980 |    542 |   4234 |   5 | 1390.0 |
        Shoals |   3012 |   2815 |    197 |    196 |   1562 |   4 |  753.0 |
   Spider Nest |   5491 |   5102 |    389 |   1058 |   2714 |   4 | 1372.8 |
    Slime Pits |   2052 |   1789 |    263 |    265 |    906 |   5 |  410.4 |
  Orcish Mines |   2341 |   1780 |    561 |     12 |   1366 |   2 | 1170.5 |
   Elven Halls |   4218 |   3955 |    263 |   1391 |   1358 |   3 | 1406.0 |
        Vaults |   5379 |   4675 |    704 |    216 |   2987 |   5 | 1075.8 |
        Depths |   4684 |   4075 |    609 |    699 |   2021 |   4 | 1171.0 |
           Zot |   1318 |   1299 |     19 |     36 |    910 |   2 |  659.0 |
         Sewer |    397 |    397 |      0 |     11 |    171 |   1 |  397.0 |
        Bailey |    536 |    536 |      0 |    227 |     32 |   1 |  536.0 |
      Ice Cave |    562 |    562 |      0 |    161 |    147 |   1 |  562.0 |
               +--------+--------+--------+--------+--------+-----+--------+

Top non-repeatable levels by time:
   Elf:3: 2540 daAuts
     D:3: 2535 daAuts
    D:12: 2423 daAuts
     D:4: 1939 daAuts
    D:10: 1937 daAuts
  Lair:3: 1930 daAuts
Depths:4: 1767 daAuts
    D:11: 1704 daAuts
Spider:4: 1701 daAuts
    D:15: 1676 daAuts
    D:13: 1488 daAuts
Vaults:1: 1479 daAuts
Spider:2: 1451 daAuts
   Orc:2: 1438 daAuts
Spider:1: 1432 daAuts
